 Dungeon Crawl Stone Soup version 0.22-a0-284-g99d1f74 (webtiles) character file.

57 Amnesiac the Ducker (level 3, -2/19 HPs)
             Began as a Spriggan Fighter on Mar 21, 2018.
             Slain by an orc
             ... wielding a +0 dagger
              (3 damage)
             ... on level 3 of the Dungeon.
             The game lasted 00:03:04 (945 turns).

Amnesiac the Ducker (Spriggan Fighter)               Turns: 945, Time: 00:03:04

Health: -2/19      AC:  2    Str: 18    XL:     3   Next: 73%
Magic:  4/4        EV: 19    Int:  9    God:
Gold:   66         SH:  7    Dex: 15    Spells: 2/2 levels left

rFire    . . .     SeeInvis +   a - +0 long sword
rCold    . . .     Gourm    .   c - +1 buckler
rNeg     . . .     Faith    .   b - +0 robe
rPois    .         Spirit   .   (helmet restricted)
rElec    .         Reflect  .   (no cloak)
rCorr    .         Harm     .   (gloves unavailable)
MR       .....                  (boots unavailable)
Stlth    +.........             h - amulet of inaccuracy (curse)
HPRegen  0.06/turn              (no ring)
MPRegen  0.09/turn              (no ring)

@: mighty, flying, very quick
A: very small, unfitting armour, see invisible, herbivore, speed 3, slow
metabolism 2
a: no special abilities


You were on level 3 of the Dungeon.
You were not hungry.

You visited 1 branch of the dungeon, and saw 3 of its levels.

You collected 66 gold pieces.

Inventory:

Hand Weapons
 a - a +0 long sword (weapon)
 i - a +0 hunting sling
Missiles
 j - 55 stones (quivered)
 k - 20 sling bullets
 l - 10 poisoned needles
Armour
 b - a +0 robe (worn)
 c - a +1 buckler (worn)
Jewellery
 h - a cursed amulet of inaccuracy (around neck)
Scrolls
 e - a scroll of fog {!r}
 m - a scroll of enchant armour {!r}
 o - a scroll of amnesia {!r}
Potions
 n - a potion of haste {!q}
Comestibles
 f - 2 rations


   Skills:
 + Level 2.7 Fighting
 * Level 2.4 Long Blades
 + Level 5.0 Dodging
 + Level 2.5 Shields


You had 2 spell levels left.
You didn't know any spells.

Dungeon Overview and Level Annotations

Branches:
Dungeon (3/15)

Altars:
Cheibriados
Dithmenos

Annotations:
D:2 1 runed door, Terence
D:3 Robin


Innate Abilities, Weirdness & Mutations

You are very small and have problems with some larger weapons.
You are too small for most types of armour.
You have supernaturally acute eyesight. (SInv)
You are a herbivore.
You cover ground extremely quickly.
You need to consume almost no food.


Message History

The orc is severely wounded.
You block the goblin's attack. You block the orc's attack.
The goblin hits you but does no damage.
You closely miss the orc.
The orc is severely wounded.
The orc barely misses you.
You riposte.
Your shield prevents you from hitting the orc.
The orc is severely wounded.
The goblin closely misses you.
You slash the orc!
You kill the orc!
The goblin completely misses you.
You riposte.
You closely miss the goblin. You slash the goblin!
You kill the goblin!
The goblin closely misses you.
You riposte.
You miss the goblin. You block the goblin's attack.
You closely miss the goblin. You block the goblin's attack.
The goblin misses you.
You riposte.
You miss the goblin.
Robin roars a battlecry!
You slash the goblin!
You kill the goblin!
The goblin completely misses you. The goblin hits you with a club!
* * * LOW HITPOINT WARNING * * *
You miss the goblin.
The goblin closely misses you. x2; You riposte.
You barely miss the goblin.
Really quaff
p - a lumpy pink potion {!q}?
It was a potion of flight {!q}.
You feel very buoyant.
You fly up into the air.
The goblin hits you with a club.
* * * LOW HITPOINT WARNING * * *
You block the goblin's attack.
You closely miss the goblin. The goblin barely misses you.
You riposte.
You slash the goblin!
You kill the goblin!
You block the goblin's attack.
Okay, then.
Unknown command.
You slash the goblin!
You kill the goblin!
The goblin no longer looks unusually strong.
You block the goblin's attack.
You closely miss the orc. The orc completely misses you.
The goblin barely misses you.
You hit the goblin.
You kill the goblin!
The hobgoblin no longer looks unusually strong.
You block the orc's attack.
The orc throws a tomahawk.
The tomahawk barely misses you. The orc hits you but does no damage.
You slash the orc!
You kill the orc!
Robin roars a battlecry!
The hobgoblin goes into a battle-frenzy!
The orc misses you.
You closely miss the orc. The quokka bites you.
* * * LOW HITPOINT WARNING * * *
You block the orc's attack. The quokka misses you.
You closely miss the quokka. The orc misses you. The quokka barely misses you.
You riposte.
You barely miss the quokka. The orc barely misses you.
Okay, then.
You hit the quokka.
The quokka is heavily wounded.
You block the quokka's attack. The quokka completely misses you.
The orc hits you with a dagger.
You die...

##### #...# #...#
###...# #@rg..#
###o#g..# .
#######.og....###
.####...............#
...... #####..#######
# ##...##......#
..#..........###
#............#
#............#


You could see Robin, 2 orcs, a quokka, a hobgoblin and a goblin.

Vanquished Creatures
  An adder (D:3)
  2 leopard geckos
  4 orcs (D:3)
  2 bats
  2 giant cockroaches
  10 goblins
  4 hobgoblins
  3 quokkas (D:3)
  2 ball pythons
  4 frilled lizards (D:2)
  A kobold (D:2)
  2 rats
37 creatures vanquished.

Notes
Turn   | Place    | Note
-------+----------+-------------------------------------------
     0 | D:1      | Amnesiac the Spriggan Fighter began the quest for the Orb.
     0 | D:1      | Reached XP level 1. HP: 11/11 MP: 2/2
   179 | D:2      | Reached XP level 2. HP: 15/16 MP: 3/3
   186 | D:2      | Found a runed door.
   243 | D:2      | Gained mutation: You are dopey. (Int -2) [potion of mutation]
   243 | D:2      | Lost mutation: You are dopey. (Int -2) [potion of mutation]
   381 | D:2      | Found a shadowy altar of Dithmenos.
   461 | D:2      | Noticed Terence
   704 | D:3      | Found a snail-covered altar of Cheibriados.
   718 | D:3      | Reached XP level 3. HP: 9/19 MP: 4/4
   867 | D:3      | Noticed Robin
   928 | D:3      | Reached skill level 5 in Dodging
   945 | D:3      | Slain by an orc

Vault maps used:
D:1:      evilmike_arrival_crescent
D:2:      nicolae_dithmenos_shadow_blocks, uniq_terence, uniq_crazy_yiuf_cottage
D:3:      cheibriados_altar_1, uniq_robin

Skill      XL: |  1  2  3 |
---------------+----------+-----
Long Blades    | 2 |  2.4
Dodging        | 5 |  5.0
Fighting       | |  2.7
Shields        | |  2.5

Action                   || total
-------------------------++-------
Melee: Long sword        ||   118
  Use: Scroll            ||     8
       Potion            ||     3
Armor: Robe              ||     8
Dodge: Dodged            ||   136
Block: Buckler           ||    59
       Rpst.: Long sword ||    44

Table legend:
 A = Spawn XP
 B = Non-spawn XP
 C = Spawn XP percentage of total XP
 D = Spawn monster count
 E = Non-spawn monster count
 F = Spawn count percentage of total count
 G = Total turns spent on level
                    A         B        C        D         E        F      G
               +---------+---------+-------+---------+---------+-------+---------
         Total |       0 |      82 |   0.0 |       0 |      37 |   0.0 |   945
               +---------+---------+-------+---------+---------+-------+---------
           D:1 |       0 |       8 |   0.0 |       0 |       4 |   0.0 |   122
           D:2 |       0 |      17 |   0.0 |       0 |      12 |   0.0 |   345
           D:3 |       0 |      57 |   0.0 |       0 |      21 |   0.0 |   478
               +---------+---------+-------+---------+---------+-------+---------
